AoeStats
← gastonace1

Arena

509958104Analyzed
2v2 RM · 5d ago on Sep 28, 2026· 51m 29s· 4 players
Game mode
Random Map
Map size
Medium (4 player)
Population
200
Speed
Normal
Resources
Standard
Victory
Conquest
Starting age
Dark Age
Ending age
Imperial Age
RankedLock teamsTeams togetherTeam positionsShared explorationLock speedFull tech treeHidden civsTurbo modeCheats
Victory
Defeat
🇨🇴 Bohemians · Colombia
830
+15
🇨🇳 Turks · China
816
+16
🇦🇷 Hindustanis · Argentina
826
-16
🇺🇸 Bohemians · United States
806
-15
gastonace1
11:19 Feudal Age
16:38 Castle Age
15:06 Double-Bit Axe
15:53 Horse Collar
18:33 Wheelbarrow
17:46 Loom
22:22 Ballistics
21:59 Murder Holes
23:28 Bow Saw
23:20 Heavy Plow
30:20 Imperial Age
29:43 Hand Cart
30:37 Fletching
30:54 Scale Barding Armor
30:59 Scale Mail Armor
33:18 Two-Man Saw
32:46 Chain Barding Armor
33:56 Conscription
34:50 Chemistry
34:02 Masonry
33:15 Elite Hussite Wagon
33:52 Light Cavalry
34:34 Husbandry
39:10 Cavalier
42:47 Houfnice
44:09 Elite Skirmisher
45:20 Town Watch
46:49 Bodkin Arrow
47:04 Forging
47:10 Chain Mail Armor
46:55 Padded Archer Armor
akaHata
0:34 Loom
10:13 Feudal Age
10:43 Horse Collar
10:50 Double-Bit Axe
12:25 Wheelbarrow
20:32 Castle Age
18:28 Gold Mining
18:54 Scale Barding Armor
19:02 Forging
20:35 Bloodlines
23:32 Husbandry
26:36 Hand Cart
26:49 Fervor
33:00 Imperial Age
31:52 Iron Casting
31:49 Chain Barding Armor
32:24 Gold Shaft Mining
31:40 Stone Mining
32:11 Heavy Plow
33:25 Heavy Camel Rider
36:48 Conscription
38:54 Elite Skirmisher
40:06 Fletching
40:17 Padded Archer Armor
40:54 Plate Barding Armor
44:44 Imperial Camel Rider
47:16 Blast Furnace
47:51 Chemistry
Efra9035
11:34 Feudal Age
12:52 Double-Bit Axe
12:50 Horse Collar
18:13 Castle Age
18:54 Heavy Plow
19:07 Bow Saw
22:39 Ballistics
24:06 Chemistry
23:06 Loom
33:01 Imperial Age
31:39 Wheelbarrow
30:51 Town Watch
31:23 Padded Archer Armor
32:09 Town Patrol
32:24 Scale Mail Armor
32:37 Forging
33:15 Hand Cart
32:55 Pikeman
33:35 Squires
34:03 Conscription
34:00 Fletching
33:48 Elite Skirmisher
35:18 Leather Archer Armor
34:59 Bodkin Arrow
36:37 Ring Archer Armor
36:23 Chain Mail Armor
36:44 Iron Casting
36:31 Crossbowman
38:45 Halberdier
39:30 Houfnice
42:28 Elite Hussite Wagon
44:21 Wagenburg Tactics
44:21 Hussite Reforms
45:44 Plate Mail Armor
49:01 Arbalester
49:51 Bracer
51:09 Blast Furnace
ng879635
11:40 Feudal Age
12:59 Wheelbarrow
12:13 Double-Bit Axe
12:10 Horse Collar
16:07 Gold Mining
21:41 Castle Age
19:43 Stone Mining
23:10 Hand Cart
22:57 Heavy Plow
23:09 Bow Saw
23:53 Gold Shaft Mining
25:07 Caravan
29:57 Coinage
32:03 Imperial Age
31:06 Coinage
32:40 Ballistics
32:02 Treadmill Crane
33:02 Forging
32:43 Fletching
32:54 Scale Mail Armor
32:54 Padded Archer Armor
33:34 Conscription
33:18 Artillery
35:06 Two-Man Saw
35:26 Banking
36:23 Bombard Tower
35:55 Guard Tower
36:44 Town Watch
38:33 Iron Casting
37:55 Bodkin Arrow
38:07 Elite Janissary
40:30 Blast Furnace
39:36 Elite Janissary
40:27 Heavy Camel Rider
43:18 Husbandry
43:29 Bloodlines
45:10 Guilds
45:09 Cavalier
46:17 Scale Barding Armor
46:28 Chain Mail Armor
46:28 Leather Archer Armor
46:22 Bracer
48:49 Squires
50:00 Keep
51:52 Arrowslits
Connection lost

Rejoining the realm…

Still unreachable

The connection could not be restored.

Session expired

The server has moved on; the page needs a fresh start.